Match 46453042
Unlisted

Match 46453042
End
Selects Australian Defense Battlegroup
Selects Australian Light Infantry Section
Australian Light Infantry Section
Construct Section Command Post
Infantry Section
Dingo Light Scout Car
Infantry Section
Construct Platoon Command Post
Humber Armored Car
Selects 2-pounder Anti-tank Gun Team
Unlock M3 Stuart Light Tanks
M3 Stuart Light Tank
M3 Stuart Light Tank
Infantry Section
Selects Vehicle Over Repair
Infantry Section
Construct Field Infirmary
Vickers Machine Gun Team
2-pounder Anti-tank Gun Team
6-pounder Anti-tank Gun Team
UMirinBrah?
Lemon
0
0

Comments sign in to comment!

No comments posted yet!